 Dungeon Crawl Stone Soup version 0.20-a0-420-g83c570d (webtiles) character file.

1542358 aspy the Sorcerer (level 27, 159/159 HPs)
             Began as a Deep Elf Earth Elementalist on Dec 24, 2016.
             Was the Champion of Ashenzari.
             Escaped with the Orb
             ... and 3 runes on Dec 31, 2016!
             The game lasted 11:28:46 (85319 turns).

aspy the Sorcerer (Deep Elf Earth Elementalist)    Turns: 85319, Time: 11:28:46

Health: 159/159    AC: 21    Str:  3    XL:     27
Magic:  54/54      EV: 33    Int: 35    God:    Ashenzari [******]
Gold:   3020       SH: 15    Dex: 22    Spells: 30/76 levels left

rFire  + . .     SeeInvis +     a - staff of earth (curse)
rCold  + . .     Gourm    .     b - +3 steam dragon scales
rNeg   . . .     Faith    .     v - +2 shield (curse)
rPois  .         Spirit   .     j - +2 helmet
rElec  +         Reflect  .     l - +2 cloak {rF+}
rCorr  .         Harm     .     Y - +2 pair of gloves
MR     +++..     Clarity  +     w - +2 pair of boots {Fly}
Stlth  ++........               A - amulet of magic regeneration (curse)
                                Q - ring of protection from cold (curse)
                                p - ring "Xiutio Jice" {rElec MR+ Int+3 Dex+3 Slay+3} (curse)

@: very slightly contaminated, hasted, repel missiles, very quick
A: claws 1, rugged brown scales 1, thin skeletal structure 1, frail 1, weak 1
0: Orb of Zot
}: 3/15 runes: barnacled, silver, gossamer
a: Curse Item, Scrying, Transfer Knowledge, Renounce Religion, Evoke Flight


You escaped.
You worshipped Ashenzari.
Ashenzari was exalted by your worship.
You were not hungry.

You visited 9 branches of the dungeon, and saw 47 of its levels.
You visited 1 bazaar.
You also visited: Ossuary, Volcano, Wizlab and Desolation.

You collected 5846 gold pieces.
You spent 2826 gold pieces at shops.

Inventory:

Missiles
 L - 16 throwing nets (quivered)
Armour
 b - +3 steam dragon scales (worn)
 j - a +2 helmet (worn)
 l - a +2 cloak of fire resistance (worn)
 v - a cursed +2 shield (worn)
 w - a +2 pair of boots of flying (worn)
 Y - a +2 pair of gloves (worn)
Magical Staves
 a - a cursed staff of earth (weapon)
Jewellery
 p - the cursed ring "Xiutio Jice" (left hand) {rElec MR+ Int+3 Dex+3 Slay+3}
   (You took it off a yaktaur captain on level 2 of the Depths)

   [ring of protection from magic]

   It affects your intelligence (+3).
   It affects your dexterity (+3).
   It affects your accuracy and damage with ranged weapons and melee attacks
   (+3).
   It insulates you from electricity.
   It affects your resistance to hostile enchantments.
   It has a curse placed upon it.
 q - a cursed ring of resist corrosion
 A - a cursed amulet of magic regeneration (around neck)
 Q - a cursed ring of protection from cold (right hand)
Scrolls
 g - 2 scrolls of remove curse
 h - 8 scrolls of blinking
 k - 2 scrolls of enchant weapon
 o - 13 scrolls of teleportation
 s - 19 scrolls of identify
 t - a scroll of holy word
 y - 4 scrolls of fog
 B - 12 scrolls of recharging
 C - a scroll of silence
 G - 2 scrolls of enchant armour
 I - a scroll of brand weapon
 K - 8 scrolls of amnesia
 M - a scroll of fear
 N - 4 scrolls of vulnerability
 X - 2 scrolls of summoning
Potions
 e - a potion of brilliance
 m - 3 potions of heal wounds
 n - 9 potions of might
 r - a potion of magic
 u - 19 potions of curing
 x - 5 potions of resistance
 D - 2 potions of cure mutation
 E - 4 potions of ambrosia
 O - 2 potions of haste
 R - 2 potions of flight
 W - 3 potions of cancellation
Miscellaneous
 T - a crystal ball of energy
Comestibles
 c - 9 beef jerkies
 d - 20 bread rations
 f - 9 slices of pizza
 i - 18 meat rations
 H - 9 royal jellies
 Z - 4 fruits


   Skills:
 + Level 17.7 Fighting
 - Level 9.1(12.0) Staves
 - Level 2.7 Throwing
 - Level 2.0 Armour
 * Level 22.2 Dodging
 - Level 10.5 Stealth
 - Level 12.5(15.1) Shields
 - Level 25.3 Spellcasting
 - Level 14.6(18.6) Conjurations
 - Level 4.2(8.5) Transmutations
 - Level 23.9(27) Earth Magic
 - Level 14.1(19.4) Evocations


You had 30 spell levels left.
You knew the following spells:

 Your Spells              Type           Power        Failure   Level  Hunger
a - Lee's Rapid Deconstr  Erth           #########.   0%          5    None
b - Blink                 Tloc           N/A          1%          2    None
c - Animate Skeleton      Necr           N/A          1%          1    None
d - Orb of Destruction    Conj           ########..   1%          7    None
e - Petrify               Tmut/Erth      ########     0%          4    None
f - Lehudib's Crystal Sp  Conj/Erth      ########..   1%          8    None
n - Passwall              Tmut/Erth      ########..   0%          2    None
p - Shatter               Erth           #########.   1%          9    ###....
r - Repel Missiles        Chrm/Air       #####.       1%          2    None
z - Iron Shot             Conj/Erth      ########..   0%          6    None


Dungeon Overview and Level Annotations

Branches:
Dungeon (15/15)            Temple (1/1) D:6            Lair (6/6) D:9
 Shoals (4/4) Lair:3       Spider (4/4) Lair:4        Slime (0/5) Lair:5
    Orc (2/2) D:11            Elf (0/3) Orc:2        Vaults (5/5) D:13
  Crypt (0/3) Vaults:3     Depths (5/5) D:15            Zot (5/5) Depths:5

Altars:
Ashenzari
Cheibriados
Dithmenos
Elyvilon
Fedhas
Gozag
Hepliaklqana
Kikubaaqudgha
Makhleb
Nemelex Xobeh
Okawaru
Qazlal
Ru
Sif Muna
Trog
Uskayaw
Vehumet
Xom
Yredelemnul
Zin
The Shining One
Beogh
Jiyva
Lugonu

Shops:
D:6 *   D:14 :!   Orc:2 ??[!   Vaults:5 [%   Depths:1 (

Portals:
Hell: Depths:1 Depths:2 Depths:3 Depths:4 Depths:5
Abyss: Depths:1 Depths:3 Depths:4
Pandemonium: Depths:3
Ziggurat: Depths:2

Annotations:
D:2 1 runed door, exclusion: door
D:9 exclusion: downstairs
D:10 exclusion: upstairs
Lair:4 exclusion: 4 oklob plants
Spider:2 exclusion: downstairs
Spider:3 exclusions: downstairs and upstairs
Depths:2 1 exclusion
Zot:4 exclusion: 3 upstairs


Innate Abilities, Weirdness & Mutations

You have sharp fingernails.
You are partially covered in rugged brown scales. (AC +1, +3% HP)
You have a somewhat thin skeletal structure. (Dex +2, Stealth)
You are frail. (-10% HP)
You are weak. (Str -2)


Message History

There is a stone staircase leading down here.
There is a stone staircase leading up here.
You climb upwards.
Level annotation: 1 runed door, exclusion: door
There is a stone staircase leading down here.
There is a stone staircase leading up here.
You climb upwards.
There is a stone staircase leading down here.
You see here a cursed ring mail.
An Orb Guardian comes into view.
You feel yourself speed up.
You are very lightly contaminated with residual magic.
There is a staircase leading out of the dungeon here.
Press: ? - help, . - travel, g - get item You can't see that place. [Stash: 12 gold pieces] [an escape hatch in the floor.] Unknown command.
Unknown command.
You have escaped!

.##......##.#..# ####.#...#.###.
.##.#.......#### #.#...#.###.
....####.########### #)#...#.....
....####....##§§§§§# #.#...#..##.
...........###§§§§§# #.#...#..##.
....####...###≈≈≈§§###........##.
...## ##.##...≈≈≈...####.###.###
#### #.##.8.§...8.####.###.###
#.......@................
###.....8.....###.#..####
##.X.X.....###.###.##..
##........# ##.#...... ##..8..#.#
#....##.# ##...##.## #.#####.#
#.......# #.# #.# #...##..###÷###
#.# #.......#.....# #..


You could see 2 Orb Guardians.

Vanquished Creatures
  An orb of fire (Zot:1)
  Mennas (Vaults:4)
  6 ancient liches (Zot:5)
  A juggernaut (Depths:2)
  Boris (Vaults:4)
  5 caustic shrikes (Depths:3)
  Saint Roka (Vaults:1)
  Xtahua (Vaults:4)
  A Killer Klown (Zot:5)
  2 curse toes (Zot:4)
  7 golden dragons
  2 bone dragons (Depths:5)
  The ghost of Nattefrost the Warrior, an adept DsBe of Trog (Depths:3)
  Arachne (Spider:4)
  4 electric golems
  3 liches
  16 Orb Guardians
  14 tentacled monstrosities
  Asterion (Vaults:1)
  A moon troll (WizLab)
  3 quicksilver dragons
  10 titans
  4 death cobs
  4 sphinxes
  5 tentacled starspawn (WizLab)
  Polyphemus (Shoals:4)
  An Executioner (Depths:4)
  Gastronok (Lair:1)
  6 storm dragons
  Ilsuiw (Shoals:4)
  A nagaraja (Depths:4)
  Donald (Orc:2)
  2 draconian monks
  11 shadow dragons
  Roxanne (Shoals:4)
  4 tengu reavers
  A revenant (Vaults:3)
  15 fire giants
  An azure jelly (shapeshifter) (Vaults:5)
  9 frost giants
  5 draconian knights (Zot:1)
  4 ghost moths
  An imperial myrmidon (Desolation)
  7 emperor scorpions
  2 iron dragons
  11 vault wardens
  9 draconian annihilators
  6 draconian scorchers
  2 orc warlords
  2 deep elf elementalists (Vaults:5)
  4 draconian stormcallers
  A cacodemon (WizLab)
  4 draconian shifters
  13 ironheart preservers
  3 spriggan defenders (Depths:4)
  37 stone giants
  3 war gargoyles
  31 very ugly things
  Nessos (D:13)
  3 entropy weavers
  8 black draconians
  3 deep elf demonologists
  4 deep elf annihilators
  5 dire elephants (Lair:6)
  4 vampire knights
  8 red draconians
  A lorocyproca (Zot:4)
  Azrael (Spider:2)
  4 white draconians
  7 yellow draconians
  5 spark wasps
  9 green draconians
  10 purple draconians
  A halazid warlock (Desolation)
  16 ettins
  4 merfolk javelineers
  3 crystal guardians
  A mummy priest (Depths:4)
  A deep elf death mage (Vaults:5)
  Snorg (Orc:2)
  A minotaur (Depths:4)
  16 ogre magi
  24 yaktaur captains
  8 merfolk impalers
  7 fire dragons
  19 great orbs of eyes
  33 vault guards
  2 ragged hierophants
  Erolcha (Orc:2)
  2 deep elf high priests (Vaults:5)
  13 ice dragons
  5 rakshasas
  Harold (Lair:3)
  9 hydras
  3 peacekeepers (Desolation)
  2 naga warriors (Depths:4)
  5 spriggan air magi
  An anaconda (Lair:6)
  An alligator snapping turtle (Shoals:4)
  8 merfolk aquamancers
  37 two-headed ogres
  2 satyrs
  12 centaur warriors
  Erica (D:9)
  4 death knights
  6 merfolk avatars
  2 catoblepae
  14 deep troll shamans
  13 deep troll earth magi
  9 death yaks
  4 tengu warriors
  2 orc high priests (Depths:4)
  4 vampire magi
  A sun demon (Volcano)
  Sonja (D:12)
  8 spriggan berserkers
  9 hell knights
  A titan skeleton (Depths:2)
  8 deep elf knights
  A salamander mystic (Depths:4)
  A wretched star (WizLab)
  2 shadow wraiths (Vaults:5)
  6 iron trolls
  A sixfirhy (Zot:1)
  8 skeletal warriors
  12 sea snakes
  38 deep trolls
  8 large abominations (Depths:3)
  6 unseen horrors
  2 orange crystal statues
  6 starcursed masses (WizLab)
  The ghost of snakesoul the Basher, a novice GrFi (D:7)
  8 deep elf archers
  5 flayed ghosts
  9 glowing orange brains
  11 ironbrand convokers
  5 phantasmal warriors
  8 wizards
  A harpy (shapeshifter) (Vaults:4)
  15 harpies
  6 necromancers
  A lindwurm (Lair:3)
  36 ugly things
  10 orc knights
  12 deep elf magi
  22 wolf spiders
  11 orb spiders
  6 cyclopes
  A sphinx skeleton (Depths:2)
  4 orc sorcerers
  13 manticores
  A faun (shapeshifter) (Depths:2)
  A cyclops (shapeshifter) (Vaults:1)
  18 fauns
  16 moths of wrath
  18 elephants
  Maurice (D:9)
  22 vault sentinels
  9 black mambas
  3 centaur zombies
  A frost giant skeleton (Vaults:2)
  2 molten gargoyles (Volcano)
  6 water nymphs
  A water nymph (shapeshifter) (Depths:1)
  3 guardian serpents
  15 merfolk sirens
  5 eyes of devastation (WizLab)
  2 gargoyles
  The ghost of mopl the Covert, a novice DEAs of Jiyva (D:6)
  A naga mage (Depths:4)
  A torpor snail (shapeshifter) (Vaults:1)
  Psyche (D:12)
  5 spectral swamp worms (Depths:5)
  2 torpor snails
  10 spiny frogs
  A yaktaur zombie (Vaults:2)
  8 freezing wraiths
  3 kobold demonologists (D:15)
  58 yaktaurs
  2 efreet (Depths:4)
  A harpy zombie (D:14)
  5 komodo dragons
  A spriggan skeleton (Depths:2)
  16 demonic crawlers
  41 merfolk
  A yaktaur skeleton (Vaults:2)
  20 hornets
  20 jumping spiders
  7 tengu conjurers
  5 meliai
  12 trolls
  5 wind drakes
  A polar bear (shapeshifter) (Vaults:5)
  5 polar bears (Lair:1)
  2 red devils
  18 saltlings
  22 blink frogs
  42 slime creatures
  7 hippogriffs
  A hornet (shapeshifter) (D:13)
  5 dream sheep (Lair:6)
  11 snapping turtles
  A hippogriff (shapeshifter) (Vaults:2)
  2 air elementals (Depths:3)
  6 vampires
  29 tarantellas
  A wraith (D:13)
  16 water elementals
  53 redbacks
  8 spriggans
  A shadow (D:13)
  A ynoxinul (D:14)
  33 yaks
  3 wyverns
  2 fire elementals (Spider:2)
  A fire bat (Volcano)
  A golden eye (shapeshifter) (Depths:3)
  Grum (D:11)
  2 golden eyes (WizLab)
  4 basilisks
  2 steam dragons
  A chaos spawn (Depths:3)
  7 vampire mosquitoes (D:15)
  An acid dragon (shapeshifter) (Vaults:5)
  A warg (Orc:2)
  5 acid dragons
  A naga (shapeshifter) (Vaults:1)
  2 soldier ants
  A floating eye (Depths:2)
  A floating eye (shapeshifter) (D:15)
  7 hell hounds
  Duvessa (D:7)
  3 small abominations (Depths:3)
  10 porcupines
  13 water moccasins
  An eye of draining (shapeshifter) (Depths:4)
  26 orc warriors
  7 black bears
  3 necrophages
  2 ice beasts
  A spriggan simulacrum (Depths:2)
  4 sky beasts
  12 wolves
  2 eyes of draining
  43 ogres
  3 phantoms
  14 boggarts
  30 centaurs
  19 crocodiles
  3 big kobolds
  21 bullfrogs
  A human simulacrum (Depths:2)
  A gnoll sergeant (D:9)
  10 scorpions
  A wyvern skeleton (D:12)
  Dowan (D:7)
  4 killer bees (D:13)
  12 wights
  3 howler monkeys
  11 electric eels
  13 crimson imps
  A lava snake (Volcano)
  3 quasits
  6 jellies
  3 human zombies
  15 orc priests
  14 orc wizards
  2 centaur skeletons
  2 bullfrog skeletons
  11 hounds
  6 worker ants
  7 iguanas
  9 hell rats
  A worker ant (shapeshifter) (Vaults:5)
  4 big kobold zombies (Ossuary)
  2 hound zombies
  4 hound skeletons
  2 mummies (Ossuary)
  2 worker ant zombies
  12 gnolls
  4 scorpion zombies (Ossuary)
  10 adders
  3 shadow imps (D:12)
  6 oozes
  An adder zombie (D:6)
  An adder skeleton (D:9)
  A worm (D:4)
  2 dart slugs
  2 leopard geckos
  86 orcs
  6 giant cockroaches
  5 goblins
  8 hobgoblins
  5 jackals
  A kobold (shapeshifter) (D:13)
  4 quokkas
  4 ball pythons
  10 bats
  5 frilled lizards
  3 goblin zombies (Ossuary)
  5 hobgoblin zombies (Ossuary)
  2 jackal skeletons (D:6)
  17 kobolds
  2 leopard gecko zombies (D:6)
  3 orc zombies (Ossuary)
  2 quokka skeletons
  7 rats
  2 demonic plants (WizLab)
  A fire vortex (Lair:3)
  2 fungi
  9 plants
2231 creatures vanquished.

Vanquished Creatures (collateral kills)
  A frost giant (Depths:3)
  A very ugly thing (Depths:5)
  A white draconian (Depths:5)
  A dire elephant (Lair:6)
  An ettin (Depths:2)
  A great orb of eyes (Depths:2)
  A fire dragon (Vaults:4)
  A yaktaur captain (Depths:2)
  A death yak (Shoals:4)
  A merfolk aquamancer (Shoals:1)
  9 two-headed ogres (Orc:2)
  2 ogre magi (Orc:2)
  2 sea snakes
  2 harpies
  2 manticores
  2 ugly things (D:13)
  A centaur zombie (D:15)
  A water nymph (Shoals:2)
  3 yaktaurs
  10 merfolk
  A meliai (D:15)
  A wind drake (Shoals:2)
  A hornet (Vaults:1)
  2 hippogriffs
  2 saltlings
  A vampire (Depths:4)
  A water elemental (Shoals:1)
  8 yaks
  A warg (Orc:2)
  2 water moccasins (Lair:6)
  An orc warrior (Orc:2)
  10 ogres
  2 crocodiles
  A crimson imp (D:15)
  An orc priest (Orc:2)
  2 orc wizards (Orc:2)
  5 orcs
86 creatures vanquished.

Vanquished Creatures (others)
  A black draconian (Zot:1)
  2 scorpions (Ossuary)
  A mummy (Ossuary)
  A scorpion zombie (Ossuary)
  An orc (D:15)
  An orc zombie (Ossuary)
  7 bushes
  6 demonic plants (WizLab)
  35 fungi
  39 plants
  2 starspawn tentacles (WizLab)
96 creatures vanquished.

Grand Total: 2413 creatures vanquished

Notes
Turn   | Place    | Note
-------+----------+-------------------------------------------
     0 | D:1      | aspy the Deep Elf Earth Elementalist began the quest for the Orb.
     0 | D:1      | Reached XP level 1. HP: 10/10 MP: 6/6
   337 | D:1      | Reached XP level 2. HP: 15/15 MP: 8/8
   341 | D:1      | Learned a level 2 spell: Passwall
   813 | D:1      | Reached XP level 3. HP: 19/19 MP: 8/10
   818 | D:1      | Learned a level 3 spell: Stone Arrow
  1194 | D:1      | Learned a level 2 spell: Sticks to Snakes
  1219 | D:2      | Found a blossoming altar of Fedhas.
  1331 | D:2      | Reached skill level 1 in Conjurations
  1405 | D:2      | Found a runed door.
  1488 | D:3      | Found a glowing golden altar of the Shining One.
  2225 | D:4      | Reached skill level 4 in Spellcasting
  2225 | D:4      | Reached XP level 4. HP: 24/24 MP: 9/12
  2377 | D:4      | Found a sand-covered staircase.
  2385 | Ossuary  | Entered an ossuary
  2637 | Ossuary  | Reached XP level 5. HP: 28/28 MP: 7/13
  2796 | Ossuary  | Reached XP level 6. HP: 18/32 MP: 9/15
  2941 | Ossuary  | Reached skill level 5 in Spellcasting
  3170 | Ossuary  | Learned a level 5 spell: Lee's Rapid Deconstruction
  3329 | Ossuary  | Reached skill level 6 in Spellcasting
  3329 | Ossuary  | Reached skill level 5 in Earth Magic
  3360 | Ossuary  | Reached XP level 7. HP: 30/36 MP: 6/18
  4374 | D:5      | Entered Level 5 of the Dungeon
  4646 | D:5      | Reached skill level 7 in Spellcasting
  4835 | D:5      | Found a hide-covered altar of Uskayaw.
  5129 | D:5      | Found a glowing golden altar of the Shining One.
  5283 | D:5      | Reached XP level 8. HP: 41/41 MP: 20/20
  5647 | D:5      | Reached skill level 5 in Dodging
  5941 | D:6      | Found a staircase to the Ecumenical Temple.
  5968 | Temple   | Entered the Ecumenical Temple
  6013 | Temple   | Became a worshipper of Ashenzari the Shackled
  6325 | D:6      | Reached skill level 8 in Spellcasting
  6435 | D:5      | Learned a level 3 spell: Spider Form
  6919 | D:6      | Found Tarr's General Store.
  6924 | D:6      | Noticed mopl's ghost (novice DEAs)
  6925 | D:6      | Reached XP level 9. HP: 45/45 MP: 23/23
  6968 | D:6      | Killed mopl's ghost
  6968 | D:6      | Reached skill level 9 in Spellcasting
  7174 | D:6      | Bought a potion of curing for 42 gold pieces
  7254 | D:7      | Noticed snakesoul's ghost (novice GrFi)
  7268 | D:7      | Killed snakesoul's ghost
  7268 | D:7      | Reached skill level 10 in Earth Magic
  7319 | D:7      | Reached skill level 10 in Spellcasting
  7483 | D:7      | Learned a level 4 spell: Petrify
  7965 | D:7      | Noticed Dowan
  7968 | D:7      | Noticed Duvessa
  7968 | D:7      | Killed Dowan
  7970 | D:7      | Killed Duvessa
  8222 | D:7      | Reached XP level 10. HP: 51/51 MP: 16/26
  8360 | D:7      | Reached skill level 1 in Fighting
  8397 | D:7      | Found a burning altar of Makhleb.
  9408 | D:9      | Noticed Erica
  9490 | D:9      | Noticed Maurice
  9765 | D:9      | Killed Maurice
  9930 | D:9      | Found a staircase to the Lair.
 10161 | D:9      | Reached skill level 11 in Spellcasting
 10634 | D:9      | Reached * piety under Ashenzari
 10754 | D:9      | Found a snail-covered altar of Cheibriados.
 10755 | D:9      | Found a white marble altar of Elyvilon.
 10769 | D:9      | Learned a level 1 spell: Animate Skeleton
 10802 | D:9      | Killed Erica
 10844 | Lair:1   | Entered Level 1 of the Lair of Beasts
 11021 | Lair:1   | Noticed a black mamba
 11027 | Lair:1   | Killed a black mamba
 11027 | Lair:1   | Reached XP level 11. HP: 60/60 MP: 28/28
 11045 | Lair:1   | Noticed Gastronok
 11104 | D:10     | Entered Level 10 of the Dungeon
 12067 | D:10     | Reached ** piety under Ashenzari
 12545 | D:11     | Found a staircase to the Orcish Mines.
 12616 | D:11     | Reached skill level 10 in Dodging
 12843 | D:11     | Reached skill level 12 in Spellcasting
 12849 | D:11     | Noticed Grum
 12852 | D:11     | Killed Grum
 14346 | Lair:1   | Reached skill level 5 in Fighting
 14548 | Lair:1   | Killed Gastronok
 14548 | Lair:1   | Reached skill level 1 in Staves
 14548 | Lair:1   | Reached XP level 12. HP: 68/68 MP: 18/30
 14882 | Lair:2   | Reached skill level 13 in Spellcasting
 15164 | Lair:2   | Reached skill level 1 in Shields
 15211 | Lair:2   | Learned a level 6 spell: Iron Shot
 15219 | Lair:2   | Learned a level 7 spell: Orb of Destruction
 15322 | Lair:2   | Reached *** piety under Ashenzari
 16279 | Lair:3   | Found a dark tunnel.
 16316 | Volcano  | Entered a volcano
 16607 | Volcano  | Found a bloodstained altar of Trog.
 16802 | Volcano  | Reached skill level 5 in Conjurations
 16927 | Lair:3   | Noticed Harold
 16933 | Lair:3   | Killed Harold
 17624 | Lair:3   | Found a staircase to the Shoals.
 18031 | Lair:4   | Reached **** piety under Ashenzari
 18041 | Lair:4   | Found a hole to the Spider Nest.
 19071 | Lair:4   | Gained mutation: You are weak. (Str -2) [potion of mutation]
 19071 | Lair:4   | Gained mutation: You are partially covered in rugged brown scales. (AC +1, +3% HP) [potion of mutation]
 19071 | Lair:4   | Gained mutation: You have sharp fingernails. [potion of mutation]
 19120 | Lair:4   | Reached skill level 5 in Shields
 19577 | Lair:5   | Noticed an eight-headed hydra
 19580 | Lair:5   | Killed an eight-headed hydra
 19580 | Lair:5   | Reached skill level 14 in Spellcasting
 19580 | Lair:5   | Reached XP level 13. HP: 76/76 MP: 30/33
 20109 | Lair:5   | Found a viscous altar of Jiyva.
 20109 | Lair:5   | Found a staircase to the Slime Pits.
 20630 | Lair:5   | Gained mutation: You have a somewhat thin skeletal structure. (Dex +2, Stealth) [potion of beneficial mutation]
 21142 | Lair:6   | Entered Level 6 of the Lair of Beasts
 22503 | Lair:6   | Reached skill level 15 in Spellcasting
 22503 | Lair:6   | Reached XP level 14. HP: 84/84 MP: 5/35
 24160 | Lair:6   | Upgraded the game from 0.20-a0-350-ga83eecc to 0.20-a0-386-g2d247ea
 25062 | Spider:1 | Entered Level 1 of the Spider Nest
 25584 | Spider:1 | Noticed an emperor scorpion
 26284 | D:12     | Noticed Psyche
 26293 | D:12     | Killed Psyche
 26523 | D:12     | Noticed Sonja
 26524 | D:12     | Killed Sonja
 26594 | D:12     | Reached ***** piety under Ashenzari
 26820 | D:12     | Reached skill level 16 in Spellcasting
 27769 | D:13     | Noticed Nessos
 27836 | D:13     | Killed Nessos
 27836 | D:13     | Reached skill level 10 in Shields
 27836 | D:13     | Reached XP level 15. HP: 71/91 MP: 33/37
 28140 | D:13     | Reached skill level 10 in Conjurations
 28560 | D:13     | Found a gate to the Vaults.
 29005 | D:14     | Found Puodysk's Distillery.
 29017 | D:14     | Bought a potion of curing for 48 gold pieces
 29017 | D:14     | Bought a potion of brilliance for 64 gold pieces
 29017 | D:14     | Bought a potion of curing for 48 gold pieces
 29017 | D:14     | Bought a potion of haste for 160 gold pieces
 29017 | D:14     | Bought a potion of haste for 160 gold pieces
 29017 | D:14     | Bought a potion of curing for 48 gold pieces
 29017 | D:14     | Bought a potion of resistance for 160 gold pieces
 29017 | D:14     | Bought a potion of magic for 128 gold pieces
 29017 | D:14     | Bought a potion of curing for 48 gold pieces
 29193 | D:14     | Found a stormy altar of Qazlal.
 29545 | D:14     | Identified a scroll of acquirement
 29893 | D:14     | Found Quonuac's Book Shoppe.
 30426 | D:15     | Entered Level 15 of the Dungeon
 30792 | D:15     | Found a staircase to the Depths.
 30818 | D:15     | Identified the amulet of Fixation {*Corrode rF- rC+ Regen+ Str+9}
 31811 | Orc:1    | Entered Level 1 of the Orcish Mines
 31811 | Orc:1    | Noticed an orc warlord
 31828 | D:11     | Killed an orc warlord
 32224 | Orc:2    | Entered Level 2 of the Orcish Mines
 32230 | Orc:2    | Noticed Donald
 32247 | Orc:2    | Killed Donald
 32247 | Orc:2    | Reached skill level 17 in Spellcasting
 32255 | Orc:2    | Noticed Erolcha
 32266 | Orc:2    | Killed Erolcha
 32374 | Orc:2    | Found a roughly hewn altar of Beogh.
 32417 | Orc:2    | Noticed Snorg
 32424 | Orc:2    | Killed Snorg
 33227 | Orc:2    | Reached XP level 16. HP: 99/99 MP: 12/39
 33453 | Orc:2    | Reached skill level 10 in Fighting
 33497 | Orc:2    | Found Ymeokum's Magic Scroll Shoppe.
 33497 | Orc:2    | Found Daoqaqaiw's Distillery.
 33498 | Orc:2    | Found Kairchoc's Magic Scroll Shop.
 33498 | Orc:2    | Found Vuirer's Armour Shoppe.
 33505 | Orc:2    | Bought a scroll of teleportation for 39 gold pieces
 33505 | Orc:2    | Bought a scroll of enchant armour for 97 gold pieces
 33528 | Orc:2    | Bought 2 potions of heal wounds for 140 gold pieces
 33529 | Orc:2    | Bought a +2 pair of boots of flying for 279 gold pieces
 33608 | Orc:2    | Found a staircase to the Elven Halls.
 34521 | D:14     | Bought a book of the Tempests for 980 gold pieces
 34531 | D:14     | Learned a level 9 spell: Shatter
 34856 | Spider:1 | Reached skill level 5 in Stealth
 35675 | Spider:2 | Noticed Azrael
 35678 | Spider:2 | Killed Azrael
 36036 | Spider:2 | Identified a +0 rod of clouds (10/10) (You found it on level 2 of the Spider Nest)
 38086 | Spider:4 | Entered Level 4 of the Spider Nest
 38275 | Spider:3 | Upgraded the game from 0.20-a0-386-g2d247ea to 0.20-a0-390-g4892b34
 38330 | Spider:3 | Reached skill level 18 in Spellcasting
 39695 | Spider:4 | Noticed Arachne
 39840 | Spider:4 | Killed Arachne
 39840 | Spider:4 | Reached XP level 17. HP: 84/105 MP: 19/41
 40325 | Spider:4 | Got a gossamer rune of Zot
 41570 | Shoals:1 | Entered Level 1 of the Shoals
 42502 | Shoals:1 | Identified the cursed +0 scimitar of Cuorogit {drain, Str+4} (You took it off a merfolk siren on level 1 of the Shoals)
 42594 | Shoals:1 | Reached skill level 1 in Throwing
 42699 | Shoals:2 | Reached skill level 19 in Spellcasting
 45585 | Shoals:3 | Reached XP level 18. HP: 92/111 MP: 0/43
 46067 | Shoals:3 | Reached ****** piety under Ashenzari
 46250 | Shoals:4 | Entered Level 4 of the Shoals
 46311 | Shoals:4 | Noticed Roxanne
 46820 | Shoals:4 | Identified the Grimoire of Arcane Weapons
 47897 | Shoals:4 | Noticed Ilsuiw
 47907 | Shoals:4 | Killed Ilsuiw
 48095 | Shoals:4 | Identified the cursed +1 flail of Giekhlu {drain, rElec Str+2} (You took it off a merfolk on level 4 of the Shoals)
 48420 | Shoals:4 | Got a barnacled rune of Zot
 48450 | Shoals:4 | Noticed Polyphemus
 48498 | Shoals:4 | Killed Polyphemus
 48498 | Shoals:4 | Reached skill level 20 in Spellcasting
 49132 | Shoals:4 | Killed Roxanne
 49504 | Vaults:1 | Entered Level 1 of the Vaults
 49724 | Vaults:1 | Reached skill level 1 in Evocations
 49913 | Vaults:1 | Noticed Asterion
 49976 | Vaults:1 | Killed Asterion
 49976 | Vaults:1 | Reached skill level 15 in Earth Magic
 50254 | Vaults:1 | Reached skill level 5 in Staves
 50453 | Vaults:1 | Identified the +9 battleaxe "Lamel" {freeze, +Rage +Fly rC+ Str+5}
 51457 | Vaults:1 | Reached XP level 19. HP: 116/116 MP: 28/45
 51859 | Vaults:1 | Noticed Saint Roka
 51899 | Vaults:1 | Killed Saint Roka
 52714 | Vaults:2 | Found a flickering gateway to a bazaar.
 52728 | Bazaar   | Entered a bazaar
 52742 | Bazaar   | Found Yntiq's Weapon Emporium.
 52757 | Bazaar   | Found Dosode Bogyk's Jewellery Emporium.
 52772 | Bazaar   | Found Adepuyhy's Book Emporium.
 52772 | Bazaar   | Found Plog's Assorted Antiques.
 52782 | Bazaar   | Bought a dented fluorescent amulet for 110 gold pieces
 52782 | Bazaar   | Bought a scroll of recharging for 209 gold pieces
 52782 | Bazaar   | Bought a scroll of teleportation for 66 gold pieces
 52795 | Bazaar   | Found Xuliyc's Jewellery Shoppe.
 52983 | Vaults:2 | Found a ruined gateway.
 52993 | Desolati | Entered the Desolation of Salt
 55373 | Vaults:2 | Reached skill level 21 in Spellcasting
 55677 | Vaults:3 | Paralysed by an ogre mage for 2 turns
 56194 | Vaults:3 | Reached XP level 20. HP: 118/123 MP: 34/47
 56377 | Vaults:3 | Found a staircase to the Crypt.
 57860 | Vaults:3 | Reached skill level 1 in Armour
 58163 | Vaults:4 | Noticed Boris
 58170 | Vaults:4 | Killed Boris
 59082 | Vaults:4 | Noticed Xtahua
 59086 | Vaults:4 | Killed Xtahua
 59377 | Vaults:4 | Noticed Mennas
 59599 | Vaults:4 | Killed Mennas
 59961 | Depths:1 | Entered Level 1 of the Depths
 60658 | Depths:1 | Reached XP level 21. HP: 89/130 MP: 23/48
 61664 | Depths:1 | Found a gateway to Hell.
 61667 | Depths:1 | Found a one-way gate to the infinite horrors of the Abyss.
 61675 | Depths:1 | Found Utamm's Antique Weapon Boutique.
 62195 | Depths:2 | Found a gateway to a ziggurat.
 63811 | Depths:2 | Identified the ring "Xiutio Jice" {rElec MR+ Int+3 Dex+3 Slay+3} (You took it off a yaktaur captain on level 2 of the Depths)
 64052 | Depths:2 | Paralysed by a floating eye for 3 turns
 64216 | Depths:2 | Noticed a juggernaut
 64220 | Depths:2 | Killed a juggernaut
 64795 | Depths:2 | Identified the +11 demon whip of Magnificence {slash, *Drain Int-3 Dex+8 Stlth+} (You took it off a yaktaur captain on level 2 of the Depths)
 65547 | Depths:2 | Reached XP level 22. HP: 135/135 MP: 20/49
 65957 | Depths:2 | Learned a level 2 spell: Blink
 66013 | Depths:2 | Learned a level 2 spell: Repel Missiles
 66494 | Depths:3 | Found a one-way gate leading to the halls of Pandemonium.
 66518 | Depths:3 | Noticed a caustic shrike
 66518 | Depths:3 | Noticed a caustic shrike
 66525 | Depths:3 | Killed a caustic shrike
 66528 | Depths:3 | Killed a caustic shrike
 66539 | Depths:3 | Noticed a caustic shrike
 66540 | Depths:3 | Noticed a caustic shrike
 66540 | Depths:3 | Noticed a caustic shrike
 66547 | Depths:3 | Killed a caustic shrike
 66714 | Depths:3 | Killed a caustic shrike
 66727 | Depths:3 | Found a magical portal.
 66734 | WizLab   | Entered Lehudib's Moon Base
 66978 | WizLab   | Reached skill level 22 in Spellcasting
 68945 | WizLab   | Identified the ring of Odghit {rC+ Str-4 Int+2 Stlth+}
 68946 | WizLab   | Identified the +3 arbalest "Toepniu" {venom, rElec rF++ MR+ Stlth+}
 68979 | WizLab   | Identified Lehudib's Volume of Stones and Changing
 68990 | WizLab   | Learned a level 8 spell: Lehudib's Crystal Spear
 69331 | Depths:3 | Found a runed door.
 69677 | Depths:3 | Noticed Nattefrost's ghost (adept DsBe)
 69790 | Depths:3 | Killed Nattefrost's ghost
 69794 | Depths:3 | Killed a caustic shrike
 70587 | Depths:3 | Reached XP level 23. HP: 142/142 MP: 15/51
 71175 | Depths:3 | Found a runed door.
 71183 | Depths:3 | Reached skill level 23 in Spellcasting
 71188 | Depths:3 | Reached skill level 15 in Dodging
 72948 | Depths:4 | Reached skill level 10 in Stealth
 74102 | Depths:4 | Found a corrupted altar of Lugonu.
 74130 | Depths:5 | Entered Level 5 of the Depths
 75155 | Depths:5 | Reached XP level 24. HP: 151/151 MP: 43/52
 75400 | Depths:5 | Found a gate to the Realm of Zot.
 75439 | Depths:5 | Reached skill level 24 in Spellcasting
 76212 | Depths:5 | Found a shattered altar of Ashenzari.
 77433 | Vaults:5 | Entered Level 5 of the Vaults
 78111 | Vaults:5 | Reached skill level 25 in Spellcasting
 78338 | Vaults:5 | Reached skill level 15 in Fighting
 78799 | Vaults:5 | Reached XP level 25. HP: 159/159 MP: 20/54
 78964 | Vaults:5 | Got a silver rune of Zot
 79018 | Vaults:5 | Identified the cursed +2 halberd "Wuveor" {drain, rElec rN+ MR- Str+2} (You took it off an ironbrand convoker on level 5 of the Vaults)
 79506 | Vaults:5 | Found Niaj's Food Shop.
 79631 | Vaults:5 | Found Neusas's Antique Armour Boutique.
 79970 | Depths:5 | Reached skill level 5 in Evocations
 79998 | Zot:1    | Entered Level 1 of the Realm of Zot
 79998 | Zot:1    | Identified the +5 rapier of Vanity {drain, rN+ Dex-2 SInv}
 80233 | Zot:1    | Noticed an orb of fire
 80237 | Zot:1    | Killed an orb of fire
 80560 | Zot:1    | Reached skill level 10 in Evocations
 81944 | Zot:1    | Reached XP level 26. HP: 168/168 MP: 36/54
 83730 | Zot:5    | Entered Level 5 of the Realm of Zot
 84336 | Zot:5    | Noticed an ancient lich
 84337 | Zot:5    | Killed an ancient lich
 84356 | Zot:5    | Noticed an ancient lich
 84359 | Zot:5    | Killed an ancient lich
 84438 | Zot:5    | Noticed an ancient lich
 84442 | Zot:5    | Killed an ancient lich
 84695 | Zot:5    | Noticed an orb of fire
 84703 | Zot:5    | Noticed an ancient lich
 84708 | Zot:5    | Killed an ancient lich
 84709 | Zot:5    | Noticed an ancient lich
 84710 | Zot:5    | Noticed an orb of fire
 84711 | Zot:5    | Upgraded the game from 0.20-a0-390-g4892b34 to 0.20-a0-420-g83c570d
 84714 | Zot:5    | Killed an ancient lich
 84742 | Zot:5    | Noticed an orb of fire
 84742 | Zot:5    | Gained mutation: You are frail. (-10% HP) [an orb of fire]
 84748 | Zot:5    | Noticed an ancient lich
 84749 | Zot:5    | Killed an ancient lich
 84751 | Zot:5    | Reached XP level 27. HP: 66/159 MP: 20/54
 84755 | Zot:5    | Got the Orb of Zot
 85319 | D:$      | Escaped with the Orb!

Vault maps used:
D:1:      grunt_arrival_lava_bath
D:2:      nicolae_overflow_crystal_walls, uniq_crazy_yiuf_cottage
D:3:      tso_oasis_becter
D:4:      enter_ossuary_5, first_bread
D:5:      eat_drink_and_be_merry_uskayaw, moated_statue, tso_metal_star
D:6:      serial_shops, shop
D:7:      makhleb_blood_cavern_becter, uniq_duvessa
D:8:      hangedman_little_slice_of_home
D:9:      nicolae_overflow_hidden_temple, erik_lair_island, uniq_maurice,
          uniq_erica
D:11:     orc_0_dummy, uniq_grum
D:12:     uniq_sonja, uniq_psyche
D:13:     lightli_vaults_fourway_checkpoint, serial_bayou_pond_a, uniq_nessos
D:14:     serial_park_tiny_pond, serial_shops, shop, shop,
          nicolae_qazlal_eye_of_the_storm
D:15:     hangedman_depths_entry_civil_slaughter, minmay_misc_feat_x
Temple:   lightli_temple_of_artemis
Lair:1:   beast_lair_carwin_large_1, uniq_gastronok
Lair:2:   serial_bayou_shore_b, grunt_megastairs_4
Lair:3:   minmay_shoals_entry_lonely_mermaid, nicolae_volcano_entry_vermiform,
          serial_bayou_shore_b, uniq_harold
Lair:4:   dummy_spider_entry, serial_bayou, serial_bayou_pond_a,
          serial_bayou_lagoon_a, serial_bayou_pond_b, serial_bayou_pond_a,
          minmay_lindwurm_lava, minmay_lair_oklob_chamber
Lair:5:   slime_altar_1, serial_bayou_pond_d, grunt_megastairs_3
Lair:6:   due_jungle_book, serial_bayou_pond_b, serial_bayou_shore_a,
          lemuel_fruit_tree, infiniplex_staircase_pool_2
Shoals:1: lemuel_oklob_altar
Shoals:2: uniq_nikola
Shoals:3: argonaut_golden_fleece
Shoals:4: shoals_end_grunt_ice, shoals_ilsuiw_ice, uniq_roxanne,
          uniq_polyphemus, uniq_ilsuiw
Spider:2: nicolae_spider_cling_halls, uniq_azrael
Spider:4: johnstein_spider_rune_arachne_lair
Orc:2:    st_orc_ogre_mass, basic_altar, uniq_donald, uniq_erolcha, uniq_snorg
Vaults:1: nicolae_vaults_back_hallway, hangedman_vaults_slither,
          ontoclasm_vaults_shuriken, vaults_room_ringed_pool,
          grunt_vaults_diagonal, dpeg_vaults_waves, ontoclasm_vaults_pinch,
          nicolae_vaults_yaktaur_gun_rack, ontoclasm_vaults_ring_square,
          vaults_dpeg_hooks, vaults_dpeg_encased_lava, uniq_asterion,
          uniq_saint_roka
Vaults:2: v_rooms_5, nicolae_vaults_network_square, v_misc_23,
          vaults_room_door_ring, vaults_room_fours, nicolae_vaults_asterisk,
          nicolae_vaults_sealed_display, ontoclasm_vaults_chip, v_misc_8,
          v_misc_14, dpeg_vaults_monster_box, vaults_dpeg_ring,
          portal_desolation_entry_salt, serial_shops, bzr_in_the_mist
Vaults:3: minmay_crypt_entry_simple_sparse, ontoclasm_vaults_ring_large,
          st_lattice, v_alt_pattern_1, hangedman_vaults_capsules, v_misc_33,
          vaults_room_stairs_pillars, nicolae_vaults_shelves_hall,
          nicolae_vaults_mini_display_case
Vaults:4: v_misc_1, vaults_mumra_lcd, hangedman_vaults_cutoff,
          hangedman_vaults_snaps, hangedman_vaults_trim, vaults_room_corners,
          vaults_room_stairs_pillars, vaults_mumra_hex, uniq_boris, uniq_xtahua,
          uniq_mennas
Depths:1: nrook_uturn, hell_entry, abyss_entry, minmay_misc_feat_cross,
          corexii_hall_statues_l, kennysheep_small_circle,
          infiniplex_staircase_pool_lava
Depths:2: cheibrodos_salmonella, enter_ziggurat_f, grunt_hell_entry_dis_mu,
          minmay_misc_feat_columns, infiniplex_staircase_door_maze
Depths:3: thingy_vault_2, minmay_room_of_horrors, kennysheep_decorative_pillar,
          pan_entry, hell_entry, serial_co_window_serial, co_window_paths_a,
          co_window_paths_a, co_window_paths_b, co_window_paths_a,
          co_window_paths_b, co_window_corner_a, co_window_paths_a,
          co_window_broadway_a, co_window_corner_cb, co_window_broadway_a,
          co_window_corner_cb, co_window_unsneaky_path_a, mu_enter_wizlab_6
Depths:4: hangedman_six_sided_sadism, pf_coc_iceberg, abyss_entry_flame_altar
Depths:5: grunt_twist_and_shout, minmay_stone_trees_medium,
          pf_hell_entry_tar_river, ashenzari_altar_1, serial_bayou_shore_b
Zot:2:    lemuel_draconian_sentries_small
Zot:3:    kennysheep_ambush_hall, amethyst_zot_foddershock
Bazaar:   bazaar_long_row
Ossuary:  ossuary_minmay_scorpions
Volcano:  volcano_lake
WizLab:   wizlab_lehudib

Skill      XL: |  1  2  3  4  5  6  7  8  9 10 11 12 13 14 15 16 17 18 19 20 21 22 23 24 25 26 |
---------------+-------------------------------------------------------------------------------+-----
Earth Magic    | 4 5 7 9 10 11 12 13 15 17 19 22 23 | 23.9
Dodging        | 3 4 6 7 9 10 12 13 14 17 19 22 | 22.2
Conjurations   | 1 2 3 4 5 7 9 11 13 14 | 14.6
Spellcasting   | 4 6 7 8 10 11 12 14 15 16 17 18 19 20 21 22 23 25 | 25.3
Transmutations | 2 4 |  4.2
Fighting       | 3 5 6 7 8 9 10 11 12 13 15 16 17 | 17.7
Stealth        | 4 6 8 10 | 10.5
Staves         | 1 5 7 9 |  9.1
Shields        | 5 7 10 11 12 | 12.5
Throwing       | 2 |  2.7
Evocations     | 1 12 14 | 14.1
Armour         | 2 |  2.0

Action                   |  1- 3 |  4- 6 |  7- 9 | 10-12 | 13-15 | 16-18 | 19-21 | 22-24 | 25-27 || total
-------------------------+-------+-------+-------+-------+-------+-------+-------+-------+-------++-------
Melee: Unarmed           |     8 |       |       |       |       |       |       |       |       ||     8
       Short sword       |   112 |   101 |    10 |     3 |       |       |       |       |       ||   226
       Staff             |       |       |       |       |   241 |   206 |   316 |   236 |   140 ||  1139
Throw: Tomahawk          |    13 |     3 |    10 |       |       |       |       |       |       ||    26
 Cast: Sandblast         |    39 |    75 |    49 |    98 |    68 |       |       |       |       ||   329
       Stone Arrow       |       |     3 |   114 |   266 |   118 |       |       |       |       ||   501
       Lee's Rapid Decon |       |       |    14 |    66 |   268 |   270 |   342 |   186 |    10 ||  1156
       Sticks to Snakes  |       |       |     2 |       |       |       |       |       |       ||     2
       Petrify           |       |       |       |     4 |    17 |    12 |     1 |     1 |       ||    35
       Animate Skeleton  |       |       |       |     5 |    82 |    87 |    66 |    23 |       ||   263
       Iron Shot         |       |       |       |       |    89 |   296 |   119 |    90 |   105 ||   699
       Orb of Destructio |       |       |       |       |     8 |   121 |   103 |   122 |    37 ||   391
       Lehudib's Crystal |       |       |       |       |       |       |       |    52 |    46 ||    98
       Repel Missiles    |       |       |       |       |       |       |       |     3 |     1 ||     4
       Shatter           |       |       |       |       |       |       |       |    28 |    43 ||    71
       Blink             |       |       |       |       |       |       |       |       |     6 ||     6
Invok: Curse Item        |       |       |     2 |     2 |       |     1 |     2 |     1 |       ||     8
 Abil: Stop Flying       |       |       |       |       |       |       |     1 |     1 |       ||     2
       Evoke Flight      |       |       |       |       |       |       |       |     1 |       ||     1
Evoke: Wand              |       |       |       |     2 |     1 |       |       |       |       ||     3
       Crystal ball of e |       |       |       |       |       |       |       |       |    16 ||    16
  Use: Scroll            |     6 |     2 |     9 |     7 |    24 |    12 |    11 |     7 |     9 ||    87
       Potion            |       |       |     1 |     7 |     8 |     5 |     5 |     5 |    13 ||    44
 Stab: Sleeping          |     2 |     2 |     2 |       |       |       |     1 |       |       ||     7
       Distracted        |       |       |       |       |     1 |       |     5 |     4 |     3 ||    13
       Confused          |       |       |       |       |       |       |       |     1 |       ||     1
  Eat: Chunk             |     4 |       |    11 |    30 |    30 |    42 |    57 |    51 |    21 ||   246
       Meat ration       |       |     1 |     1 |     1 |     2 |     4 |       |       |       ||     9
       Fruit             |       |       |     1 |     3 |     8 |     1 |       |       |       ||    13
       Bread ration      |       |       |       |     1 |     2 |     2 |     1 |       |       ||     6
       Pizza             |       |       |       |       |       |     4 |       |       |       ||     4
       Royal jelly       |       |       |       |       |       |     3 |       |       |       ||     3
       Beef jerky        |       |       |       |       |       |     1 |       |       |       ||     1
Armor: Robe              |    63 |    24 |     9 |     1 |       |       |       |       |       ||    97
       Troll leather arm |       |       |       |     6 |       |       |       |       |       ||     6
       Steam dragon scal |       |       |       |    10 |    88 |   113 |    49 |    33 |    19 ||   312
Dodge: Dodged            |   112 |    61 |    36 |    62 |   256 |   349 |   229 |   168 |   142 ||  1415
       Deflected         |       |       |       |       |       |       |       |    10 |    10 ||    20
Block: Shield            |       |       |       |     5 |   181 |   302 |   213 |   150 |    85 ||   936
